AoeStats
← 有个小草

Black Forest

510568393Analyzed
4v4 RM · 2d ago on Oct 1, 2026· 9m 57s· 8 players
Game mode
Random Map
Map size
Large (8 player)
Population
200
Speed
Normal
Resources
Standard
Victory
Conquest
Starting age
Dark Age
Ending age
Imperial Age
RankedLock teamsTeams togetherTeam positionsShared explorationLock speedFull tech treeHidden civsTurbo modeCheats
Victory
Defeat
🇨🇭 Ethiopians · Switzerland
1274
+13
🇩🇪 Spanish · Germany
1176
+17
🇩🇪 Dravidians · Germany
1166
+18
🇨🇭 Huns · Switzerland
1116
+33
🇨🇳 Franks · China
1247
-19
🇮🇹 Teutons · Italy
1230
-18
🇦🇺 Byzantines · Australia
1183
-16
🇨🇳 Magyars · China
1168
-15
Oneyedmorty
1:17 Loom
11:56 Feudal Age
Damzleboss
2:07 Loom
11:25 Feudal Age
jax0n
0:30 Loom
hurricanehoffmann
11:24 Feudal Age
Yee
有个小草
5:56 Loom
10:34 Feudal Age
Keanoob Reeves
3:07 Loom
10:47 Feudal Age
Herbert Prohaska
0:46 Loom
Connection lost

Rejoining the realm…

Still unreachable

The connection could not be restored.

Session expired

The server has moved on; the page needs a fresh start.